[Event "Late-Titled-Tuesday-Blitz-January-16-2024"]
[Site "Chess.com"]
[Date "2024.01.16"]
[Round "2"]
[White "el_sporco"]
[Black "Harsha_Bharathakoti"]
[Result "0-1"]
[WhiteElo "2412"]
[BlackElo "2941"]
[TimeControl "180+1"]
[EndTime "14:19:06 PST"]
[Termination "Harsha_Bharathakoti won by resignation"]

1. e4 g6 2. d4 Bg7 3. Nc3 d6 4. Nf3 a6 5. a4 Nc6 6. Be2 Bg4 7. Be3 Nf6 8. O-O O-O 9. h3 Bxf3 10. Bxf3 e5 11. d5 Ne7 12. Be2 Nd7 13. f3 f5 14. b4 a5 15. b5 b6 16. Qd2 Rf7 17.
Na2 Qf8 18. c4 h5 19. Nc3 Kh7 20. Kh1 Bh6 21. Bxh6 Qxh6 22. Qxh6+ Kxh6 23. Bd3 Nc5 24. Bc2 h4 25. exf5 gxf5 26. Rae1 Ng6 27. Nd1 Nf4 28. Ne3 Raf8 29. Rd1 Nh5 30. Kh2 Ng3 31. Rf2 Kg5 32. Rfd2 Rg7 33. Nf1 Nxf1+ 34. Rxf1 Kf4 35. Re1 Rg3 36.
Rde2 Rfg8 37. Rf2 R8g7 38. Rfe2 Kg5 39. Rf2 Kf6 40. Rfe2 Kg5 41. Rf2 Nd7 42. Ree2 Kf6 43. Kh1 Nf8 44. Kh2 Ng6 45. Rd2 Nf4 46. Kh1 Kg5 47.
Kh2 Rg6 48. Kh1 Rg8 49. Kh2 Re8 50. Rd1 Kf6 51. Rdd2 Ng6 52. Rd1 Kg5 53. Rdf1 Re7 54.
Rd1 e4 55. fxe4 fxe4 56. Rdf1 e3 57. Rf5+ Kh6 58. Rf6 Kg7 59. Bxg6 Rxg6 60. R6f4 e2 61. Re1 Rf6 62. Rxf6 Kxf6 63. g3 Kf5 64. Kg2 Re3 65.
gxh4 Ke4 66. Kf2 Kd3 67. h5 Rxh3 68. h6 Rxh6 69. Kf3 Rf6+ 70. Kg2 Kd2 0-1

[Event "Late-Titled-Tuesday-Blitz-January-16-2024"]
[Site "Chess.com"]
[Date "2024.01.16"]
[Round "2"]
[White "Atousa"]
[Black "JaackCamel"]
[Result "1/2-1/2"]
[WhiteElo "2471"]
[BlackElo "2162"]
[TimeControl "180+1"]
[EndTime "14:19:10 PST"]
[Termination "Game drawn - insufficient material"]

1. Nf3 d5 2. g3 g6 3. Bg2 Bg7 4. d3 e5 5. O-O Ne7 6. Nbd2 O-O 7. e4 c6 8. Re1 d4 9. Nc4 Qc7 10.
a4 b5 11. axb5 cxb5 12. Na5 h6 13. Bd2 Be6 14. h3 Nbc6 15. Kh2 Kh7 16. Nxc6 Nxc6 17. c3 Rfd8 18. cxd4 Nxd4 19. Nxd4 Rxd4 20. Be3 Rd7 21.
Qe2 a5 22. f4 Rad8 23. f5 gxf5 24. exf5 Bxf5 25. Be4 Bg6 26. Rf1 a4 27. Qf2 Qd6 28. Rac1 Rc7 29. Bc5 Qe6 30. Rce1 Rdc8 31. Rc1 Bf8 32.
Be3 Bg7 33. Rxc7 Rxc7 34. g4 Qb3 35. Qf3 Qxb2+ 36. Kg3 a3 37. Rf2 Rc2 38. Rxc2 Qxc2 39. Qxf7 Bxe4 40. dxe4 Qxe4 41. Bd2 Qd3+ 42. Kh4 Qxd2 43.
Qf5+ Kg8 44. Qe6+ Kf8 45. Qc8+ Ke7 46. Qc5+ Ke6 47. Qxa3 b4 48. Qa6+ Qd6 49. Qc4+ Ke7 50. Qg8 Qf6+ 51. Kg3 e4 52. Qc4 Qe5+ 53. Kg2 e3 54.
Qxb4+ Ke6 55. Qc4+ Kd7 56. Kf3 e2 57. Qxe2 Qxe2+ 58.
Kxe2 Ke6 59. Kf3 Ke5 60. h4 Bf8 61. g5 h5 62. Ke3 Kf5 63. Kf3 Bg7 64. Kg3 Be5+ 65.
Kh3 Bf4 66. Kg2 Kg4 67. g6 Be5 68. Kf2 Kf5 69. Kg2 Kxg6 70. Kh3 Kf5 71. Kg2 Bf6 72. Kh1 Kg4 73. Kg2 Kxh4 74. Kh1 Kg4 75. Kg2 Bg5 76. Kh1 Bh4 77. Kg2 Bg3 78. Kh1 Bh2 79. Kg2 h4 80. Kh1 h3 81. Kxh2 Kg5 82. Kh1 h2 83.
Kxh2 1/2-1/2

[Event "Late-Titled-Tuesday-Blitz-January-16-2024"]
[Site "Chess.com"]
[Date "2024.01.16"]
[Round "2"]
[White "masnyszachistaaa"]
[Black "waltereador"]
[Result "1-0"]
[WhiteElo "2526"]
[BlackElo "2267"]
[TimeControl "180+1"]
[EndTime "14:19:12 PST"]
[Termination "masnyszachistaaa won by resignation"]

1. Nf3 Nf6 2. b3 g6 3. Bb2 Bg7 4. d4 d5 5. e3 c6 6. Nbd2 Bg4 7. Be2 Nbd7 8. O-O O-O 9. c4 Re8 10. Rc1 e6 11. h3 Bxf3 12. Bxf3 Rc8 13. Qe2 e5 14.
dxe5 Nxe5 15. Bxe5 Rxe5 16. cxd5 Nxd5 17. Nc4 Re7 18.
Rfd1 Rd7 19. Bxd5 Rxd5 20. e4 Rd4 21. Rxd4 Bxd4 22. Rd1 c5 23. Ne3 Qa5 24. Nd5 Re8 25. b4 Qd8 26. bxc5 Bxc5 27. Qf3 Re6 28. Rc1 b6 29.
Rd1 Qg5 30. Nc3 Qe5 31. Rd5 Qb8 32. Qd3 Re8 33. Qd2 Qc8 34. Rd3 Qe6 35. Nd5 Kg7 36. Nc7 Qxe4 37. Nxe8+ Qxe8 38. Qc3+ Kg8 39. Qd2 Qe5 40. Rd8+ Kg7 41. Rd5 Qa1+ 42. Kh2 Qf6 43. Kg1 Qa1+ 44. Kh2 Qf6 45. g3 Qxf2+ 46. Qxf2 Bxf2 47.
Rd7 b5 48. Kg2 Bb6 49. Kf3 h5 50. Rd5 b4 51. Rb5 f5 52. Rxb4 g5 53. g4 hxg4+ 54.
hxg4 fxg4+ 55. Kxg4 Kf6 56. Rb5 Be3 57. Rb3 Bb6 58.
Ra3 Kg6 59. Rd3 Kf6 60. Rd6+ Ke5 61. Rd7 Ke6 62. Rd3 Kf6 63. Rf3+ Kg6 64. Rc3 Kf6 65.
Rc6+ Ke5 66. Kxg5 Kd5 67. Rc2 Bc5 68. Kf4 a5 69. Kf3 Kd4 70. Ke2 Bb4 71. Kd1 Bc3 72. Kc1 Kd3 73. Kb1 Bb4 74. Rh2 Kc4 75. Rh3 Kb5 76. Kc2 Ka4 77. Rg3 Kb5 78. Rg4 Ka4 79. Kb2 Kb5 80. Rg5+ Bc5 81. Rh5 Kc4 82. Kc2 Bb4 83.
Rh4+ Kb5 84. Kb3 Be1 85. Rh5+ Kb6 86. Ka4 Bb4 87. Rh6+ Kc5 88. Rg6 Bd2 89. Rg3 Be1 90.
Rf3 Bd2 91. Rd3 Be1 92. Rd1 Bc3 93. Kb3 Bb4 94. a3 a4+ 95. Kxa4 Bc3 96. Rc1 Kd4 97. Rxc3 Kxc3 98. Kb5 Kd4 99. a4 Kd5 100. a5 Kd6 101. Kb6 Kd7 102. Kb7 Kd6 103. a6 Kc5 104. a7 Kb5 105.
a8=Q Kc4 106. Qa5 Kd4 107. Qf5 1-0

[Event "Late-Titled-Tuesday-Blitz-January-16-2024"]
[Site "Chess.com"]
[Date "2024.01.16"]
[Round "2"]
[White "YurasovMat-2012"]
[Black "wild3000"]
[Result "0-1"]
[WhiteElo "2613"]
[BlackElo "2374"]
[TimeControl "180+1"]
[EndTime "14:19:15 PST"]
[Termination "wild3000 won on time"]

1. e4 e6 2. d3 c5 3. Nd2 Nc6 4. Ngf3 d5 5. g3 Nf6 6. Bg2 Be7 7. O-O O-O 8. Re1 a5 9. e5 Nd7 10. Nf1 a4 11. a3 b5 12. h4 Qc7 13. Bf4 b4 14. h5 bxa3 15. bxa3 Rb8 16. Qd2 Nd4 17. Nxd4 cxd4 18. h6 g6 19. Nh2 Qc3 20. Qc1 Rb2 21.
Re2 Ba6 22. Bf1 Rc8 23. Bg5 Bf8 24. Ng4 Rxc2 25. Rxc2 Qxc2 26. Qf4 Bxd3 27. Bh3 Bf5 28. Bg2 Bxg4 29. Qxg4 Qf5 30. Qh4 Qxe5 31. Bd2 Qf6 32. Bg5 Qe5 33. Rd1 Bxa3 34. Rxd4 Ra8 35. Rg4 Qe1+ 36.
Kh2 Qxf2 37. Rxa4 Rxa4 38. Qxa4 Bd6 39. Bh4 g5 40. Qg4 Be7 41. Bxg5 Ne5 42. Qh5 Bxg5 43. Qxg5+ Ng6 44. Qd8+ Nf8 45. Qg5+ Ng6 46. Qd8+ Nf8 47. Qh4 Qf5 48. Bh3 Qg6 49. Bf1 d4 50. Qf4 f6 51. g4 e5 52. Qd2 Qxg4 53. Bc4+ Kh8 54.
Qf2 Qf4+ 55. Qxf4 exf4 56. Kg2 Ng6 0-1

[Event "Late-Titled-Tuesday-Blitz-January-16-2024"]
[Site "Chess.com"]
[Date "2024.01.16"]
[Round "2"]
[White "Hui_Li_Macau"]
[Black "Statham_01"]
[Result "0-1"]
[WhiteElo "2315"]
[BlackElo "2547"]
[TimeControl "180+1"]
[EndTime "14:19:17 PST"]
[Termination "Statham_01 won by checkmate"]

1. e4 e6 2. d4 d5 3. Nd2 Nf6 4. e5 Nfd7 5. Bd3 c5 6. c3 Nc6 7. Ne2 cxd4 8. cxd4 f6 9. exf6 Nxf6 10. O-O Bd6 11. Nf3 O-O 12. Bf4 Bxf4 13. Nxf4 Ng4 14. g3 e5 15. dxe5 Ncxe5 16. Nxe5 Nxe5 17. Bxh7+ Kxh7 18. Qh5+ Kg8 19. Qxe5 Rf5 20. Qd4 Qb6 21. Rad1 Qxd4 22. Rxd4 Kf7 23. Re1 Bd7 24. Rxd5 Rxd5 25. Nxd5 Bc6 26. Nc3 Rd8 27. Rd1 Re8 28. f4 Re3 29. a3 Rf3 30. Rd2 a5 31. Nd1 Ke6 32.
Nf2 Re3 33. Nd3 Kf5 34. Ne5 Be4 35. Kf2 Rb3 36. Nd7 g5 37. Nc5 Rf3+ 38. Ke2 Bc6 39. fxg5 Kxg5 40. b4 axb4 41. axb4 Ra3 42. Kf2 Kg4 43.
Rd4+ Kg5 44. h4+ Kf5 45. Rf4+ Ke5 46. Rf8 Ra2+ 47. Ke3 Rg2 48. Nd3+ Kd6 49. Rg8 Ke7 50. Nf4 Rb2 51. Rg7+ Kf6 52. Rg6+ Kf7 53. Rg5 Rxb4 54. h5 Rb3+ 55. Kd4 Rb4+ 56. Ke5 Re4+ 57. Kf5 Re3 58. Kg4 Bd7+ 59. Kh4 Re1 60. g4 Rg1 61. Nh3 Rg2 62. Re5 Rxg4# 0-1

[Event "Late-Titled-Tuesday-Blitz-January-16-2024"]
[Site "Chess.com"]
[Date "2024.01.16"]
[Round "2"]
[White "vidavi"]
[Black "NikolaGry"]
[Result "1/2-1/2"]
[WhiteElo "2478"]
[BlackElo "2736"]
[TimeControl "180+1"]
[EndTime "14:19:21 PST"]
[Termination "Game drawn - insufficient material"]

1. Nf3 c5 2. c4 b6 3. Nc3 Bb7 4.
e4 d6 5. d4 cxd4 6. Nxd4 Nf6 7. Bd3 e6 8. O-O a6 9. Be3 Nbd7 10. Rc1 Rc8 11. Qe2 Be7 12. f4 Nc5 13. Bf2 O-O 14.
Bb1 d5 15. cxd5 exd5 16. e5 Nfe4 17. f5 Bg5 18. Rcd1 Qe8 19. Bg3 Rc7 20. Nxe4 Nxe4 21.
e6 Nxg3 22. hxg3 Re7 23. Qg4 Bf6 24. exf7+ Qxf7 25. Ne6 Rfe8 26. Bd3 Bc8 27. Bc2 h5 28. Qb4 b5 29. Qc5 Bxe6 30. fxe6 Qxe6 31. Bb3 Qe3+ 32. Qxe3 Rxe3 33. Rxd5 Kh7 34. Rxh5+ Kg6 35. Rc5 Rxg3 36.
Rc6 Kg5 37. Kh2 Be5 38. Rc5 Rh8+ 39. Kg1 Re3 40. Kf2 Kf4 41. g3+ Ke4 42. Rxe5+ Kxe5 43. Kxe3 Rh2 44. Rf2 Rh3 45. Kf3 Rh1 46. Re2+ Kd4 47. Rd2+ Kc5 48. Rd5+ Kb4 49. Rg5 a5 50. Bf7 a4 51. Rxg7 Rh2 52. Rg5 Rxb2 53. g4 Ka3 54. Rc5 b4 55. g5 b3 56. axb3 axb3 57. Bxb3 Rxb3+ 58. Kf4 Rb1 59. Kf5 Kb4 60. Re5 Rf1+ 61. Ke6 Kc4 62. g6 Rg1 63. Kf6 Kd4 64. Re6 Rf1+ 65. Ke7 Kd5 66. g7 Rg1 67. Rd6+ Ke5 68. Re6+ Kd5 69. Kf6 Rxg7 70. Re5+ Kd4 71. Kxg7 Kxe5 1/2-1/2

[Event "Late-Titled-Tuesday-Blitz-January-16-2024"]
[Site "Chess.com"]
[Date "2024.01.16"]
[Round "2"]
[White "Filipets"]
[Black "VerdeNotte"]
[Result "1/2-1/2"]
[WhiteElo "2565"]
[BlackElo "2871"]
[TimeControl "180+1"]
[EndTime "14:19:28 PST"]
[Termination "Game drawn - insufficient material"]

1. c4 g6 2. g3 Bg7 3. Bg2 c5 4. Nf3 Nc6 5. O-O d6 6. Nc3 Bf5 7. a3 Qd7 8. d3 Bh3 9. Bd2 h5 10.
Bxh3 Qxh3 11. Nd5 Rc8 12. Bc3 Bxc3 13. bxc3 h4 14. e4 Ne5 15. Nxe5 dxe5 16. g4 Nf6 17.
Nxf6+ exf6 18. Re1 f5 19. exf5 gxf5 20. Rxe5+ Kf8 21.
Rxf5 Re8 22. Qf3 Qxf3 23. Rxf3 h3 24. Re3 Rh6 25. Rxe8+ Kxe8 26. f3 Rd6 27. Rd1 Ra6 28. Kf2 Rxa3 29. Kg3 Rxc3 30. Kxh3 a6 31. Kg3 b5 32.
cxb5 axb5 33. h4 b4 34. Kf4 c4 35. Re1+ Kf8 36. dxc4 b3 37. Kg5 Rxf3 38. Rb1 Kg7 39. h5 f6+ 40. Kh4 Rc3 41. c5 Rxc5 42. Rxb3 Rc1 43.
Rb7+ Kg8 44. Kg3 Rg1+ 45. Kf4 Rf1+ 46. Ke4 Kf8 47. Rh7 Kg8 48. Rd7 Kf8 49. Rd5 Kg7 50.
Rf5 Rg1 51. Kf4 Rf1+ 52. Ke4 Re1+ 53. Kf3 Rf1+ 54. Kg3 Rg1+ 55. Kh3 Kf7 56. Ra5 Kg7 57. Ra7+ Kg8 58. Ra4 Kg7 59. Kh2 Re1 60. Kg2 Re3 61.
Kf2 Rb3 62. Re4 Kh6 63. Re3 Rb1 64. Rf3 Kg5 65. Kg3 Rg1+ 66. Kh3 Rxg4 67. Rxf6 Rh4+ 68.
Kg3 Rxh5 69. Rf4 Rh8 70. Rg4+ Kf5 71. Rf4+ Ke5 72. Kf3 Rh3+ 73. Kg4 Rh4+ 74. Kxh4 Kxf4 1/2-1/2

[Event "Late-Titled-Tuesday-Blitz-January-16-2024"]
[Site "Chess.com"]
[Date "2024.01.16"]
[Round "2"]
[White "DonJuan_34"]
[Black "Rodalquilar"]
[Result "0-1"]
[WhiteElo "2397"]
[BlackElo "2738"]
[TimeControl "180+1"]
[EndTime "14:19:28 PST"]
[Termination "Rodalquilar won by checkmate"]

1. d4 d5 2. c4 e6 3. Nc3 a6 4.
e4 dxe4 5. Nxe4 Bb4+ 6. Nc3 c5 7. Nf3 cxd4 8. Nxd4 Bd7 9. Be2 Nc6 10. O-O Nf6 11. Bg5 h6 12. Bh4 Be7 13. Bf3 Rc8 14. Nxc6 Bxc6 15.
Qxd8+ Bxd8 16. Be2 Ba5 17. f3 Nd7 18. a3 Bxc3 19. bxc3 f6 20. Bf2 Kf7 21. Rfd1 g5 22.
Rd6 Ne5 23. Bd4 Rhd8 24. Bxe5 fxe5 25. Rad1 Rxd6 26. Rxd6 Ke7 27. Rd2 e4 28. Kf2 exf3 29. gxf3 Ba4 30. Rb2 Rc7 31. Ke3 Kd6 32. Bd3 Ke5 33.
Rb6 Bc6 34. Be4 Bxe4 35. fxe4 Rxc4 36. Rxb7 Rxc3+ 37. Kf2 Rxa3 38. Rh7 Kxe4 39. Rxh6 e5 40. h4 gxh4 41. Rxh4+ Kd5 42. Ke2 a5 43. Rh8 Kd4 44. Rd8+ Ke4 45. Rh8 Ra2+ 46. Kd1 Kd4 47. Rd8+ Ke3 48.
Rh8 e4 49. Rh3+ Kd4 50. Rg3 a4 51. Ke1 e3 52. Rg8 Kc4 53. Rc8+ Kd3 54. Rd8+ Kc3 55. Re8 e2 56. Re3+ Kd4 57. Re8 Kc4 58. Rc8+ Kb3 59. Rb8+ Ka3 60. Re8 Rb2 61. Re3+ Ka2 62. Re5 a3 63.
Ra5 Rc2 64. Ra7 Kb2 65. Rb7+ Ka1 66. Ra7 a2 67. Rb7 Rb2 68. Rc7 Kb1 69. Rc4 a1=Q 70. Kf2 e1=Q+ 71. Kxe1 Qa5+ 72. Kd1 Qd5+ 73. Rd4 Qh1# 0-1

[Event "Late-Titled-Tuesday-Blitz-January-16-2024"]
[Site "Chess.com"]
[Date "2024.01.16"]
[Round "2"]
[White "AradNazari"]
[Black "mishanick"]
[Result "0-1"]
[WhiteElo "2623"]
[BlackElo "3080"]
[TimeControl "180+1"]
[EndTime "14:19:33 PST"]
[Termination "mishanick won by resignation"]

1. g4 d5 2. e3 e5 3. Bg2 c6 4. h3 h5 5. gxh5 Nf6 6. d4 e4 7. h6 g6 8. h7 Rxh7 9. c4 Bf5 10. Qb3 Qb6 11. Nc3 Nbd7 12. c5 Qxb3 13. axb3 a6 14. f3 exf3 15. Nxf3 Be7 16. Bd2 O-O-O 17.
Ng5 Rg7 18. O-O-O Re8 19. Rdf1 Nh5 20. e4 dxe4 21. Ngxe4 Bxe4 22. Nxe4 f5 23. Nd6+ Bxd6 24. cxd6 Ndf6 25. Re1 Kd7 26. Bb4 Ne4 27. Bxe4 fxe4 28. Kd2 Ng3 29. Rhg1 Nf5 30. Rg4 Nxd4 31. Rexe4 Rxe4 32. Rxe4 Nf5 33. Rg4 b6 34. Bc3 Rh7 35. Rxg6 Rxh3 36.
Be5 Re3 37. Bf4 Re4 38. Bh2 Re6 39. Rg8 Nxd6 40. Bxd6 Kxd6 41. Ra8 a5 42. Rg8 Kd5 43. Kc2 Re2+ 44. Kb1 Re5 45. Ka2 Kc5 46. Ka3 Kb5 47. Rg4 Re1 48. Ka2 Rd1 49. Rh4 Rd5 50. Ka3 Rd8 51.
b4 Rd3+ 52. b3 a4 53. Rh5+ c5 54. bxc5 bxc5 55. Ka2 axb3+ 56. Ka3 Kc4 57. Rh1 Re3 58. Rc1+ Kb5 59. Rh1 c4 60. Rh5+ Kb6 61. Rg5 Re2 62.
Kb4 Rc2 63. Rb5+ Kc6 64. Rb8 Kd5 65. Rd8+ Ke4 66. Re8+ Kd3 67. Rd8+ Ke2 68. Ka3 b2 69. Ka2 c3 70. Re8+ Kd1 71. Rh8 Rc1 72. Rh1+ Kd2 73. Rh2+ Kd3 74. Rh3+ Kd4 75. Rh4+ Ke5 76. Rh5+ Kf6 77.
Rh6+ Kg5 0-1

[Event "Late-Titled-Tuesday-Blitz-January-16-2024"]
[Site "Chess.com"]
[Date "2024.01.16"]
[Round "2"]
[White "RuleOfTwo"]
[Black "Antipov_Mikhail_Al"]
[Result "0-1"]
[WhiteElo "2574"]
[BlackElo "2926"]
[TimeControl "180+1"]
[EndTime "14:19:33 PST"]
[Termination "Antipov_Mikhail_Al won by checkmate"]

1. d4 Nf6 2. Bg5 Nc6 3. Bxf6 exf6 4. e3 Ne7 5. Bd3 g6 6. Nf3 Bg7 7. O-O O-O 8. c4 d6 9. Nc3 c6 10. b4 Bd7 11. Rb1 a6 12. a4 b6 13. Qe2 Qc7 14.
Rfc1 Rfe8 15. h3 Kh8 16. c5 bxc5 17. bxc5 dxc5 18. dxc5 f5 19. Bxa6 Qa5 20. Bc4 Bxc3 21. Bxf7 Red8 22. Bb3 Bf6 23. Qc4 Nd5 24. Nd4 Rab8 25.
Qc2 Nb4 26. Qc4 Rf8 27. Ne6 Bxe6 28. Qxe6 Nd3 29. Rd1 Nxc5 30. Qc4 Rb4 31. Qc2 Rfb8 32. Bf7 Rxb1 33. Rxb1 Rxb1+ 34. Qxb1 Kg7 35. Be8 Qxa4 36.
Qc1 Qa1 37. Qxa1 Bxa1 38. Bxc6 Kf6 39. Kf1 h6 40. Ke2 g5 41. g4 f4 42. exf4 gxf4 43. Kf3 Be5 44. h4 Bd6 45. Ba8 Ke5 46. g5 hxg5 47.
hxg5 Kf5 48. Ke2 Kxg5 49. f3 Kf6 50. Bd5 Ke5 51. Ba8 Kd4 52. Bc6 Kc3 53. Kf2 Nd3+ 54.
Ke2 Ba3 55. Be4 Nc1+ 56. Kf2 Kd2 57. Ba8 Bc5+ 58. Kg2 Ke3 59. Bb7 Ne2 60. Ba8 Nd4 61. Bb7 Nf5 62. Ba8 Nh4+ 63. Kh3 Nxf3 64. Kg4 Nd4 65.
Kh3 f3 66. Bxf3 Kxf3 67. Kh2 Ne2 68. Kh1 Ng3+ 69. Kh2 Bd4 70. Kh3 Bg1 71. Kh4 Ne4 72.
Kh5 Kf4 73. Kg6 Bc5 74. Kf7 Ke5 75. Ke8 Kd6 76. Kd8 Kc6 77. Kc8 Ba7 78. Kd8 Kd6 79. Kc8 Nc5 80. Kd8 Nb7+ 81. Ke8 Ke6 82. Kf8 Bd4 83.
Ke8 Be5 84. Kf8 Nd6 85. Kg8 Kf6 86. Kh7 Bf4 87. Kg8 Kg6 88. Kf8 Bg5 89. Kg8 Be7 90. Kh8 Nf7+ 91. Kg8 Nh6+ 92. Kh8 Bf6# 0-1

[Event "Late-Titled-Tuesday-Blitz-January-16-2024"]
[Site "Chess.com"]
[Date "2024.01.16"]
[Round "2"]
[White "DeArron_Fox"]
[Black "TanitoluwaAps116"]
[Result "1/2-1/2"]
[WhiteElo "2435"]
[BlackElo "2719"]
[TimeControl "180+1"]
[EndTime "14:19:35 PST"]
[Termination "Game drawn by repetition"]

1. d4 Nf6 2. c4 e6 3. Nf3 b6 4. g3 Ba6 5. b3 Bb4+ 6. Bd2 Be7 7.
Bg2 c6 8. O-O d5 9. Qc2 Nbd7 10.
Bf4 Rc8 11. Nbd2 O-O 12. e4 c5 13. e5 Nh5 14. Be3 cxd4 15. Bxd4 b5 16. Rfc1 g6 17. Qd1 dxc4 18. bxc4 Nc5 19. cxb5 Bxb5 20. Bxc5 Bxc5 21. Ne4 Bb6 22. Rxc8 Qxc8 23. Rc1 Qb8 24. Nd6 Rd8 25. Nd4 Be8 26. Nc6 Bxc6 27. Rxc6 Ng7 28. Qc2 Nf5 29.
Rc8 Rxc8 30. Qxc8+ Qxc8 31. Nxc8 Bd4 32. Be4 a5 33.
Bxf5 gxf5 34. Ne7+ Kf8 35. Nc6 Bc3 36. Kf1 Ke8 37.
f4 Kd7 38. Na7 h5 39. Nb5 Bb4 40. Ke2 Kc6 41. Nd4+ Kd5 42. Kd3 Bc5 43. Ne2 Bb4 44. Nd4 Be1 45. Nf3 Bf2 46. Ke2 Bc5 47. Ng5 Kc4 48.
Nxf7 Be7 49. h3 Kc3 50. Ng5 Kb2 51. Nxe6 Kxa2 52. Nd4 a4 53. Nxf5 Bc5 54. e6 Kb2 55.
Ne3 Kb3 56. Kd3 a3 57. Nc2 a2 58. f5 Be7 59. Nd4+ Kb2 60. Nc2 Bf6 61. g4 hxg4 62.
hxg4 Be7 63. Kd2 Bf6 64. Kd3 Bg5 65. e7 Bxe7 66. Kd2 Bf6 67. Kd1 Bg5 68. Na1 Bf6 69. Nc2 Kb1 70. Kd2 Bg5+ 71. Kd1 Bh6 72. f6 Kb2 73. f7 Bf8 74. g5 Be7 75. g6 Bf8 76. Kd2 Bg7 77. Kd1 Bh6 78. Na1 Kc3 79. Nc2 Bg7 80.
Na1 Kb2 81. Nc2 Kb1 82. Kd2 Kb2 83. Kd1 1/2-1/2

[Event "Late-Titled-Tuesday-Blitz-January-16-2024"]
[Site "Chess.com"]
[Date "2024.01.16"]
[Round "2"]
[White "bazar-wokzal"]
[Black "dmitrijiIM"]
[Result "0-1"]
[WhiteElo "2558"]
[BlackElo "2890"]
[TimeControl "180+1"]
[EndTime "14:19:42 PST"]
[Termination "dmitrijiIM won by resignation"]

1. e4 e5 2. Bc4 Nf6 3. d3 Bc5 4. Nf3 d6 5. Bg5 h6 6. Bh4 Nc6 7. Nc3 Be6 8. Nd5 Bxd5 9. exd5 Nd4 10.
Nxd4 Bxd4 11. c3 Bb6 12. Bb5+ Kf8 13. Qf3 g5 14. Bg3 Kg7 15. O-O-O g4 16. Qf5 Qc8 17. Qxc8 Raxc8 18. Bc4 Nh5 19. f3 Nxg3 20. hxg3 f5 21.
fxg4 fxg4 22. Rdf1 Be3+ 23. Kd1 Rcf8 24. Ke2 Bg5 25.
Bb3 Rxf1 26. Rxf1 Bf6 27. Ba4 Rd8 28. Ke3 a6 29. c4 Kg6 30. Ke4 h5 31. b4 Rf8 32.
Bd7 b6 33. a4 a5 34. bxa5 bxa5 35. Rb1 h4 36. gxh4 Bxh4 37. Ke3 Rf4 38. Rb7 Bf2+ 39. Ke2 Bb6 40. g3 Rf2+ 41. Ke1 Rg2 42. Bxg4 Rxg3 43. Be2 Rg1+ 44. Kd2 Ra1 45. Bd1 Ra2+ 46. Bc2 Kf6 47. Rb8 Ra1 48. Rf8+ Ke7 49. Rh8 Kf6 50. Rh7 Kg5 51.
Rf7 Kg6 52. Rf3 Bd4 53. Bd1 Ra2+ 54. Bc2 Kg7 55. Rf1 Ra3 56. Rd1 Bc3+ 57. Ke3 Ra2 58. Rc1 Kf6 59. Rf1+ Ke7 60. Rc1 Rb2 61. Ke4 Bd2 62.
Rh1 Rxc2 63. Rh7+ Kd8 64. Kf5 Kc8 65. Ke6 Kb7 66. Rh2 Rb2 67. Rg2 Bc3 68. Rg3 Bd4 69. Kd7 Rb4 70. Rg1 Rxa4 71. Rb1+ Rb4 72. Rh1 a4 73. c5 Bxc5 74. Rh8 a3 75. Rc8 Bb6 0-1

[Event "Late-Titled-Tuesday-Blitz-January-16-2024"]
[Site "Chess.com"]
[Date "2024.01.16"]
[Round "2"]
[White "Grischuk"]
[Black "Caterpiller35"]
[Result "1/2-1/2"]
[WhiteElo "3081"]
[BlackElo "2632"]
[TimeControl "180+1"]
[EndTime "14:19:51 PST"]
[Termination "Game drawn by repetition"]

1. d4 Nf6 2. c4 e6 3. Bg5 Bb4+ 4. Nd2 c5 5. a3 Bxd2+ 6. Qxd2 cxd4 7. Nf3 Nc6 8. Nxd4 Qb6 9. Bxf6 gxf6 10. Nb5 d5 11. cxd5 Qxb5 12. dxc6 Qxc6 13. Rc1 Qb6 14. g3 Bd7 15.
Bg2 h5 16. h4 Rg8 17. Bf3 Bc6 18. Bxc6+ bxc6 19. Qd6 Rc8 20. O-O c5 21. Rfd1 Qxd6 22.
Rxd6 Ke7 23. Ra6 Rc7 24. Rc4 Rg4 25. Raa4 f5 26. Kg2 Rb7 27. Rxg4 fxg4 28. Kf1 Rxb2 29. Rxa7+ Kf6 30. Rc7 Rb1+ 31. Kg2 Rc1 32. a4 Kg6 33. a5 Ra1 34. Rxc5 Ra2 35. Rg5+ Kh6 36. e3 f6 37. Rb5 Kg6 38. Rb6 Rxa5 39. Rxe6 Kf5 40. Rd6 Ra4 41. Rd8 Rb4 42. Rh8 Kg6 43. Rd8 Kf5 44. Re8 Ra4 45. Re7 Rb4 46. Rd7 Ra4 47. Rd2 Rb4 48.
Kf1 Ke4 49. Ke2 Kf5 50. Rd5+ Kg6 51. Rd4 Rb2+ 52. Rd2 Rb4 53. f3 gxf3+ 54. Kxf3 Ra4 55. Rd4 Ra3 56. Kf4 Rb3 57. e4 Rb5 58. Rd5 Rb4 59. Rd6 Rb5 60. Re6 Kf7 61. Ra6 Kg6 62. Rd6 Ra5 63. Rd8 Rb5 64. Rg8+ Kf7 65. Ra8 Kg6 66. Ra6 Rc5 67. Ra2 Rb5 68. Ra1 Rc5 69. Rg1 Rb5 70.
g4 hxg4 71. Rxg4+ Kh5 72. Rg8 Kh6 73. Rd8 Kg6 74. Rd5 Rb1 75. h5+ Kh6 76. Kf5 Rf1+ 77. Ke6 Rf4 78. Rf5 Rxe4+ 79. Kxf6 Rh4 80. Re5 Rxh5 81.
Re8 Kh7 82. Re7+ Kh6 83. Re8 Kh7 84. Re7+ Kh6 85. Re8 1/2-1/2

[Event "Late-Titled-Tuesday-Blitz-January-16-2024"]
[Site "Chess.com"]
[Date "2024.01.16"]
[Round "3"]
[White "FrankDux44"]
[Black "orestn"]
[Result "1-0"]
[WhiteElo "2615"]
[BlackElo "2435"]
[TimeControl "180+1"]
[EndTime "14:21:56 PST"]
[Termination "FrankDux44 won by resignation"]

1. e4 e5 2. Bc4 Nf6 3. d3 Be7 4. Nc3 c6 5. Nf3 d6 6. h3 b5 7. Bb3 a5 8. a4 b4 9. Ne2 Nbd7 10. Ng3 Nc5 11. Bc4 O-O 12. O-O d5 13. exd5 cxd5 14. Bb5 e4 15. Nd4 Bd7 16. Ngf5 Bxb5 17. axb5 exd3 18. Nc6 1-0

[Event "Late-Titled-Tuesday-Blitz-January-16-2024"]
[Site "Chess.com"]
[Date "2024.01.16"]
[Round "3"]
[White "DishonorOnYourCow"]
[Black "DraningWaterHi"]
[Result "1-0"]
[WhiteElo "2554"]
[BlackElo "2217"]
[TimeControl "180+1"]
[EndTime "14:22:18 PST"]
[Termination "DishonorOnYourCow won by resignation"]

1. d4 Nf6 2. c4 g6 3. Nc3 Bg7 4.
e4 d6 5. f4 O-O 6. Nf3 c5 7.
d5 e6 8. dxe6 fxe6 9. Bd3 Nc6 10. O-O b6 11. Bd2 Bb7 12. f5 gxf5 13. exf5 e5 14. Bg5 Ne7 15. Bxf6 Bxf6 16. Be4 Bxe4 17. Nxe4 d5 18. cxd5 Nxd5 19. Nxf6+ Rxf6 20. Nxe5 Ne3 21. Qb3+ Qd5 22. Qxe3 1-0

[Event "Late-Titled-Tuesday-Blitz-January-16-2024"]
[Site "Chess.com"]
[Date "2024.01.16"]
[Round "3"]
[White "Airquake"]
[Black "LikeWater"]
[Result "0-1"]
[WhiteElo "2522"]
[BlackElo "2799"]
[TimeControl "180+1"]
[EndTime "14:23:08 PST"]
[Termination "LikeWater won by resignation"]

1. g3 e6 2. Bg2 g6 3. Nf3 Bg7 4. O-O f5 5. d4 Nf6 6. c4 O-O 7.
Nc3 d6 8. Re1 Nc6 9. e4 Nxe4 10.
Nxe4 fxe4 11. Rxe4 d5 12. cxd5 exd5 13. Re1 Bg4 14. Qb3 Bxf3 15. Bxf3 Nxd4 16. Bxd5+ Kh8 17. Qc4 b5 18. Qc5 Rf5 19. Bh6 Rxd5 20. Bxg7+ Kxg7 21.
Re7+ Kf6 22. Qxc7 Qxe7 0-1

[Event "Late-Titled-Tuesday-Blitz-January-16-2024"]
[Site "Chess.com"]
[Date "2024.01.16"]
[Round "3"]
[White "BogdanDeac"]
[Black "brm72"]
[Result "1-0"]
[WhiteElo "3031"]
[BlackElo "2704"]
[TimeControl "180+1"]
[EndTime "14:23:22 PST"]
[Termination "BogdanDeac won by resignation"]

1. b3 e5 2. Bb2 e4 3. d3 Nf6 4. e3 d5 5. Nc3 Bf5 6. dxe4 Nxe4 7. Qxd5 Nd6 8. O-O-O Nc6 9. Bb5 Qd7 10. Nf3 a6 11. Ne5 Nxe5 12. Qxe5+ Be7 13. Bxd7+ Bxd7 14. Nd5 Be6 15.
Nxc7+ Kd7 16. Nxa8 Rxa8 17. Rxd6+ Bxd6 18. Rd1 1-0

[Event "Late-Titled-Tuesday-Blitz-January-16-2024"]
[Site "Chess.com"]
[Date "2024.01.16"]
[Round "3"]
[White "angelgab3"]
[Black "SHIVACalypso"]
[Result "1-0"]
[WhiteElo "2616"]
[BlackElo "2438"]
[TimeControl "180+1"]
[EndTime "14:23:25 PST"]
[Termination "angelgab3 won by resignation"]

1. e4 e6 2. d4 d5 3. Nc3 Nf6 4. Bg5 dxe4 5. Nxe4 Be7 6. Bxf6 gxf6 7. Nf3 f5 8. Nc3 Bf6 9. g3 Qd6 10. Qd2 a6 11. Bg2 Nd7 12. O-O-O Nb6 13. Rhe1 Nd5 14. Ne5 Nxc3 15. Qxc3 Bxe5 16. dxe5 Qb6 17. Qd2 O-O 18.
Qg5+ Kh8 19. Qf6+ Kg8 20. Qg5+ Kh8 21. Rd8 Rxd8 22. Qxd8+ Kg7 23. Qg5+ Kf8 24. Rd1 Bd7 25. Rxd7 1-0

[Event "Late-Titled-Tuesday-Blitz-January-16-2024"]
[Site "Chess.com"]
[Date "2024.01.16"]
[Round "3"]
[White "KVAIDAN"]
[Black "KamilGrycel"]
[Result "0-1"]
[WhiteElo "2375"]
[BlackElo "2512"]
[TimeControl "180+1"]
[EndTime "14:23:25 PST"]
[Termination "KamilGrycel won by resignation"]

1. f4 b6 2. Nf3 Bb7 3. e3 g6 4. Be2 Bg7 5. O-O e6 6. d3 d6 7. Nc3 Ne7 8. Qe1 h6 9. e4 Nd7 10. Qg3 Nf6 11. Be3 Qd7 12. a4 a6 13. Rae1 d5 14.
exd5 Nexd5 15. Nxd5 Nxd5 16. Bd4 Bxd4+ 17. Nxd4 O-O-O 18. Nf3 Qxa4 19. Ne5 Qd4+ 20. Kh1 Ne3 21. Rf2 Nf5 22. Qh3 Qxf2 23. Rf1 Qxe2 0-1

[Event "Late-Titled-Tuesday-Blitz-January-16-2024"]
[Site "Chess.com"]
[Date "2024.01.16"]
[Round "3"]
[White "EcosseKillie"]
[Black "Matrix3x3a"]
[Result "0-1"]
[WhiteElo "2252"]
[BlackElo "2466"]
[TimeControl "180+1"]
[EndTime "14:23:28 PST"]
[Termination "Matrix3x3a won by resignation"]

1. d4 Nf6 2. Bg5 d5 3. Bxf6 gxf6 4. e3 c5 5. Nc3 cxd4 6. exd4 Nc6 7. Bb5 Bf5 8. Qh5 e6 9. O-O-O a6 10. Ba4 b5 11. Bb3 Rc8 12. Bxd5 b4 13. Bxc6+ Rxc6 14. d5 Rxc3 15. bxc3 bxc3 16. dxe6 Ba3+ 0-1